 Dungeon Sprint DCSS version 0.29.1-2-gbd0b4ee654 (webtiles) character file.

Game seed: 3474831265292861258

3229 boopmooplesden the Severer (level 9, -4/94 (96) HPs)
             Began as a Minotaur Berserker on Nov 27, 2022.
             Was the Champion of Trog.
             Killed from afar by Josephine (12 damage)
             ... with a ghostly fireball
             ... in the Dungeon (Sprint VII: "The Pits").
             The game lasted 00:02:19 (1476 turns).

boopmooplesden the Severer (Minotaur Berserker)     Turns: 1476, Time: 00:02:20

HP:   -4/94 (96)    AC: 17    Str: 27    XL:     9   Next: 66%
MP:   8/8           EV: 10    Int:  4    God:    Trog [******]
Gold: 0             SH:  0    Dex:  9    Spells: 8/8 levels left

rFire   + . .      SeeInvis .   s - +1 broad axe (freeze)
rCold   . . .      Faith    .   (no shield)
rNeg    . . .      Spirit   .   t - +3 plate armour {rF+}
rPois   .          Reflect  .   (helmet restricted)
rElec   .          Harm     .   (no cloak)
rCorr   .          Rampage  .   (no gloves)
Will    .....      NoTele   +   (no boots)
Stlth   ..........              (no amulet)
HPRegen 0.25/turn               (no ring)
MPRegen 0.11/turn               (no ring)

@: on berserk cooldown, slowed, lightly drained, very slow
A: horns 2, retaliatory headbutt
a: Renounce Religion, Berserk, Trog's Hand, Brothers in Arms


You were in the Dungeon.
You worshipped Trog.
Trog was exalted by your worship.
You visited 1 branch

Inventory:

Hand Weapons
 a - a +0 hand axe
 i - a +2 hand axe
 m - a +2 vorpal hand axe
 n - a +0 battleaxe
 o - a +2 war axe
 s - a +1 broad axe of freezing (weapon)
Armour
 b - a +0 animal skin
 l - a +3 scale mail
 t - a +3 plate armour of fire resistance (worn)
Jewellery
 p - a +3 ring of evasion
 q - a +3 ring of protection
Scrolls
 h - a scroll of blinking
 k - a scroll of summoning
Potions
 c - 6 potions of curing
 d - 12 potions of heal wounds
 e - 2 potions of haste
 f - 4 potions of magic
 g - 5 potions of berserk rage
 j - 2 potions of invisibility
 r - a potion of might


   Skills:
 + Level 14.4 Fighting
 + Level 18.7 Axes
 + Level 10.2 Armour
 + Level 8.4 Dodging
 + Level 0.1 Stealth


You had 8 spell levels left.
You didn't know any spells.
Your spell library was empty.

Dungeon Overview and Level Annotations

Branches:
Dungeon (1/1)

Altars:

Annotations:
D Josephine


Innate Abilities, Weirdness & Mutations

You have a pair of horns on your head.
You reflexively headbutt those who attack you in melee.


Message History

You slice the adder zombie!! You freeze the adder zombie.
You destroy the adder zombie!
Trog accepts your kill.
You feel sick.
Josephine the Decaying Necromancer comes into view.
She is wielding a +0 dagger and wearing a +0 robe of willpower.
You are no longer berserk.
You are exhausted.
You feel as though you will be slow longer.
You feel sick.
Josephine shouts!
Josephine grins malevolently.
The two-headed ogre hits you with a +0 giant club!!
The two-headed ogre hits you with a +0 giant club!
You slash the two-headed ogre! You freeze the two-headed ogre.
You headbutt the two-headed ogre!
The two-headed ogre is heavily wounded.
You feel sick.
The two-headed ogre hits you with a +0 giant club!
* * * LOW HITPOINT WARNING * * *
The two-headed ogre hits you with a +0 giant club!
* * * LOW HITPOINT WARNING * * *
You slash the two-headed ogre! You freeze the two-headed ogre.
The two-headed ogre is severely wounded.
You feel sick.
You slash the two-headed ogre! You freeze the two-headed ogre.
The two-headed ogre is almost dead.
You feel sick.
The two-headed ogre hits you with a +0 giant club.
* * * LOW HITPOINT WARNING * * *
The two-headed ogre misses you.
You slice the two-headed ogre!! You freeze the two-headed ogre.
You kill the two-headed ogre!
Trog accepts your kill. Trog grants you a weapon!
Something appears at your feet!
You see here a +3 war axe of flaming.
You feel sick.
You are no longer poisoned.
Josephine gestures at you while chanting.
The ghostly flame explodes!
The ghostly fireball engulfs you!
You feel drained.
You die...

'.##................#
#.#####'#####''#####
#.##.......##''### ###
#)##.......##....##..+
'.##.......##...##...#
####...<...##..##...#
).##.......##..#...#
..##.......##..'..#
####.......##.##@.#
..#############)..+
.########### #..@.#
.#....#..[[##..#..#
÷#†)..#!.[.##.###..
.'.)..'..))### #..
'#.†..#..))# ..
.#....#..).# ..#
############


You could see Josephine.

Vanquished Creatures
  A two-headed ogre (D)
  A sea snake (D)
  A lindwurm (D)
  A smoke demon (D)
  An orange demon (D)
  3 wraiths (D)
  3 vampire mosquitoes (D)
  2 water moccasins (D)
  An orc warrior (D)
  An ice beast (D)
  A sky beast (D)
  A phantom (D)
  A kobold brigand (D)
  A crimson imp (D)
  An orc priest (D)
  A hound (D)
  A jelly (D)
  An iron imp (D)
  A gnoll (D)
  An ufetubus (D)
  2 adder zombies (D)
  2 orcs (D)
  2 goblins (D)
  4 jackals (D)
  2 quokkas (D)
  A bat (D)
38 creatures vanquished.

Vanquished Creatures (others)
  A white imp (D)
1 creature vanquished.

Grand Total: 39 creatures vanquished

Notes
Turn   | Place    | Note
-------+----------+-------------------------------------------
     0 | D        | boopmooplesden the Minotaur Berserker began the quest for
                  | the Orb.
     0 | D        | Reached XP level 1. HP: 19/19 MP: 0/0
    45 | D        | Reached skill level 4 in Axes
    46 | D        | Reached ** piety under Trog
   165 | D        | Reached *** piety under Trog
   166 | D        | Reached XP level 2. HP: 14/28 MP: 1/1
   168 | D        | Reached skill level 5 in Fighting
   168 | D        | Reached skill level 5 in Axes
   468 | D        | Noticed a kobold brigand
   480 | D        | Killed a kobold brigand
   481 | D        | Reached skill level 8 in Axes
   481 | D        | Reached XP level 3. HP: 39/39 MP: 2/2
   481 | D        | Reached XP level 4. HP: 47/47 MP: 3/3
   481 | D        | Reached **** piety under Trog
   486 | D        | Noticed an ice beast
   488 | D        | Reached skill level 9 in Axes
   488 | D        | Reached XP level 5. HP: 53/53 MP: 4/4
   489 | D        | Noticed a phantom
   495 | D        | Killed an ice beast
   495 | D        | Killed a phantom
   495 | D        | Reached ***** piety under Trog
   496 | D        | Reached skill level 11 in Axes
   496 | D        | Reached skill level 5 in Dodging
   496 | D        | Reached XP level 6. HP: 21/66 MP: 5/5
   807 | D        | Reached skill level 5 in Armour
   809 | D        | Noticed a sea snake
   821 | D        | Killed a sea snake
   822 | D        | Reached skill level 14 in Axes
   822 | D        | Reached XP level 7. HP: 35/75 MP: 6/6
   998 | D        | Reached XP level 8. HP: 63/83 MP: 7/7
   999 | D        | Received a gift from Trog
  1000 | D        | Reached skill level 15 in Axes
  1177 | D        | Received a gift from Trog
  1183 | D        | Reached skill level 16 in Axes
  1413 | D        | Noticed a lindwurm
  1414 | D        | Noticed a smoke demon
  1417 | D        | Killed a lindwurm
  1418 | D        | Reached skill level 17 in Axes
  1418 | D        | Reached XP level 9. HP: 93/93 MP: 8/8
  1422 | D        | Killed a smoke demon
  1456 | D        | Noticed an orange demon
  1463 | D        | Killed an orange demon
  1464 | D        | Reached skill level 18 in Axes
  1468 | D        | Noticed a two-headed ogre
  1469 | D        | Reached ****** piety under Trog
  1470 | D        | Reached skill level 10 in Armour
  1472 | D        | Noticed Josephine
  1476 | D        | Killed a two-headed ogre
  1476 | D        | Received a gift from Trog
  1476 | D        | Killed from afar by Josephine

Illustrated notes

Levels and vault maps discovered:
D:        pitsprint [storerooms_1, entrance_room_1, metal_vault_7, armoury_1,
          mini_pit_1, grid_room_1, main_hall_1, silver_pit, the_coven_3,
          the_vestibule_1, steel_vault_2, golden_pit, hallway_of_sentries,
          crystal_vault_1, iron_vault_4, final_vault]

Skill      XL: |  1  2  3  4  5  6  7  8  9 |
---------------+----------------------------+-----
Fighting       | 4 7 8 9 11 12 13 14 | 14.4
Axes           | 4 8 9 11 14 17 18 | 18.7
Armour         | 3 4 6 7 9 10 | 10.2
Dodging        | 3 4 5 6 7 8 |  8.4
Stealth        | |  0.1

Action                   |  1- 3 |  4- 6 |  7- 9 || total
-------------------------+-------+-------+-------++-------
Melee: Hand axe          |    19 |    25 |    15 ||    59
       Headbutt          |     2 |     2 |    10 ||    14
       Battleaxe         |       |       |    11 ||    11
       Broad axe         |       |       |    16 ||    16
Invok: Berserk           |     1 |     1 |     3 ||     5
  Use: Potion            |       |       |     1 ||     1
Armor: Animal skin       |     4 |       |       ||     4
       Scale mail        |     3 |     7 |     7 ||    17
       Plate armour      |       |       |     6 ||     6
Dodge: Dodged            |    13 |    16 |    23 ||    52
